 Dungeon Crawl Stone Soup version 0.31-a0-647-g38d6a14cb1 (webtiles) character file.

Game seed: 9561666389515402395

299441 Essalna the Slayer (level 20, -11/136 (140) HPs)
             Began as a Grey Draconian Conjurer on Aug 28, 2023.
             Was the Champion of Vehumet.
             Killed from afar by a wretched star (32 damage)
             ... with a lance of force
             ... on level 3 of the Abyss on Aug 29, 2023.
             The game lasted 03:50:21 (58496 turns).

Essalna the Slayer (Grey Draconian Conjurer)       Turns: 58496, Time: 03:50:22

HP:   -11/136 (140) AC: 22    Str:  8 (9)  XL:     20   Next: 48%
MP:   3/35          EV: 19    Int: 28 (29) God:    Vehumet [******]
Gold: 1777          SH:  6    Dex:  8      Spells: 9/47 levels left

rFire   + + .        c - +0 sacred scourge (holy)
rCold   + . .        H - +0 buckler {rC+}
rNeg    . . .        (body armour unavailable)
rPois   +            o - +2 hat {Int+3}
rElec   .            g - +0 cloak {rPois}
rCorr   .            G - +1 pair of gloves
SInv    .            T - +1 pair of boots of Resourcefulness {rPois rF++ Int+3 Dex-3}
Will    +....        e - amulet of regeneration
Stlth   +            w - ring of magical power
HPRegen 0.42/turn    v - +5 ring of evasion
MPRegen 0.24/turn

%: no passive effects
@: studying 2 skills, lightly drained
A: AC +15, amphibious, unfitting armour, cold-blooded, [deterioration 2], [dopey
2], [frail 3], [low MP 3], [screaming 2], ([teleportitis 2]), [no potion heal
2], [subdued magic 2]
}: 1/15 runes: decaying
a: Renounce Religion


You were on level 3 of the Abyss.
You worshipped Vehumet.
Vehumet was exalted by your worship.
You visited 9 branches of the dungeon, and saw 36 of its levels.
You visited the Abyss 1 time.
You also visited: Sewer.

You collected 4835 gold pieces.
You spent 3058 gold pieces at shops.

Inventory:

Hand Weapons
 c - a +0 sacred scourge of holy wrath (weapon)
 B - a +2 spectral quarterstaff
Missiles
 l - 15 curare-tipped darts
Armour
 a - an orb of energy
 g - a +0 cloak of poison resistance (worn)
 o - a +2 hat of intelligence (worn)
 G - a +1 pair of gloves (worn)
 H - a +0 buckler of cold resistance (worn)
 T - the +1 pair of boots of Resourcefulness (worn) {rPois rF++ Int+3 Dex-3}
   (You acquired it on level 9 of the Dungeon)

   Int+3:     It affects your intelligence (+3).
   Dex-3:     It affects your dexterity (-3).
   rF++:      It greatly protects you from fire.
   rPois:     It protects you from poison
Magical Staves
 d - a staff of fire
 h - a staff of earth
 J - a staff of cold
 N - a staff of conjuration
Jewellery
 e - an amulet of regeneration (around neck)
 i - an amulet of magic regeneration
 s - a ring of protection from fire
 v - a +5 ring of evasion (right hand)
 w - a ring of magical power (left hand)
 I - the ring of Bymic {Will++ Str+3 Int+6 Slay+5}
   (You bought it in a shop on level 3 of the Vaults)

   [ring of intelligence]

   Str+3:     It affects your strength (+3).
   Int+6:     It affects your intelligence (+6).
   Slay+5:    It affects your accuracy & damage with ranged weapons and melee
   (+5).
   Will++:    It greatly increases your willpower.
 M - an amulet of the acrobat
 O - the ring "Pearevy" {+Blink rC+++ AC+4 Str-5 Slay-5}
   (You found it on level 2 of the Elven Halls)

   [ring of protection]

   AC+4:      It affects your AC (+4).
   Str-5:     It affects your strength (-5).
   Slay-5:    It affects your accuracy & damage with ranged weapons and melee
   (-5).
   rC+++:     It renders you almost immune to cold.
   +Blink:    It lets you blink.
Wands
 r - a wand of paralysis (12)
 C - a wand of light (12)
 E - a wand of mindburst (30)
 K - a wand of iceblast (30)
Scrolls
 j - 2 scrolls of brand weapon
 t - 9 scrolls of fog
 x - 9 scrolls of poison
 y - 4 scrolls of revelation
 z - 3 scrolls of butterflies
 F - 5 scrolls of enchant armour
 L - a scroll of teleportation
 P - 2 scrolls of vulnerability
 Q - 3 scrolls of enchant weapon
 R - 6 scrolls of immolation
 S - 2 scrolls of silence
 U - a scroll of amnesia
 W - 5 scrolls of blinking
 Z - 2 scrolls of fear
Potions
 b - 2 potions of lignification
 f - 4 potions of resistance
 k - 6 potions of enlightenment
 m - 6 potions of curing
 n - 7 potions of mutation
 p - 3 potions of invisibility
 q - a potion of heal wounds
 u - 5 potions of brilliance
 A - 3 potions of might
 V - 2 potions of cancellation
 Y - a potion of magic
Miscellaneous
 D - a phial of floods (inert)


   Skills:
 + Level 22.0 Fighting
 - Level 11.2 Dodging
 - Level 1.7 Stealth
 + Level 11.3 Shields
 + Level 14.0 Spellcasting
 - Level 18.0 Conjurations
 + Level 17.1 Earth Magic


You had 9 spell levels left.
You knew the following spells:

 Your Spells              Type           Power      Damage    Failure   Level
a - Magic Dart            Conj           100%       1d8       0%          1
b - Searing Ray           Conj           100%       2d8       0%          2
c - Fulminant Prism       Conj/Hex       21%        3d12      1%          4
d - Orb of Destruction    Conj           33%        9d10      1%          7
e - Fireball              Conj/Fire      21%        3d10      1%          5
f - Leda's Unmaking       Conj/Erth      32%        9d6       1%          6
g - Lee's Rapid Deconstr  Erth           32%        3d16*     0%          5
h - Lehudib's Crystal Sp  Conj/Erth      32%        10d8      3%          8

Your spell library contained the following spells:

 Spells                   Type           Power      Damage    Failure   Level
 Iskenderun's Battlesphe  Conj           66%        2d12      0%          5
 Apportation              Tloc           24%        N/A       1%          1
 Necrotise                Necr           48%        1d6       1%          1
 Summon Small Mammal      Summ           48%        N/A       1%          1
 Poisonous Vapours        Pois/Air       24%        N/A       1%          2
 Static Discharge         Conj/Air       86%        2-6/arc   1%          2
 Dazzling Flash           Conj/Hex       86%        N/A       1%          3
 Hailstorm                Conj/Ice       43%        3d10      1%          3
 Mephitic Cloud           Conj/Pois/Air  33%        N/A       1%          3
 Volatile Blastmotes      Fire/Tloc      24%        2d12      1%          3
 Iskenderun's Mystic Bla  Conj/Tloc      43%        2d10      1%          4
 Arcjolt                  Conj/Air       21%        1d31      1%          5
 Borgnjor's Vile Clutch   Necr/Erth      21%        N/A       1%          5
 Freezing Cloud           Conj/Ice/Air   16%        6-21      1%          5
 Conjure Ball Lightning   Conj/Air       21%        3x3d6     2%          6
 Starburst                Conj/Fire      21%        6d7       2%          6
 Call Imp                 Summ           24%        N/A       3%          2
 Cigotuvi's Dreadful Rot  Necr/Pois/Air  24%        N/A       3%          2
 Sublimation of Blood     Necr           12%        N/A       3%          2
 Wereblood                Tmut           12%        N/A       3%          2
 Ozocubu's Armour         Ice            12%        N/A       7%          3
 Airstrike                Air            6%         2d(1-17)  7%          4
 Anguish                  Hex/Necr       6%         N/A       26%         4
 Cause Fear               Hex            6%         N/A       26%         4
 Dispel Undead            Necr           12%        3d9       26%         4
 Summon Ice Beast         Ice/Summ       12%        N/A       26%         4
 Summon Lightning Spire   Summ/Air       12%        N/A       26%         4
 Vhi's Electric Charge    Tloc/Air       24%        N/A       26%         4
 Alistair's Intoxication  Tmut/Pois      8%         N/A       58%         5
 Metabolic Englaciation   Hex/Ice        6%         N/A       58%         5
 Eringya's Noxious Bog    Tmut/Pois      6%         4d6       71%         6
 Death Channel            Necr           6%         N/A       99%         6
 Simulacrum               Ice/Necr       6%         N/A       99%         6
 Enfeeble                 Hex            6%         N/A       100%        7
 Summon Hydra             Summ           6%         N/A       100%        7
 Maxwell's Capacitive Co  Air            6%         ∞         100%        8
 Dragon's Call            Summ           6%         N/A       100%        9


Dungeon Overview and Level Annotations

Branches:
Dungeon (15/15)            Temple (1/1) D:7            Lair (5/5) D:9
  Swamp (4/4) Lair:2       Spider (1/4) Lair:3        Slime (0/5) Lair:5
    Orc (2/2) D:11            Elf (3/3) Orc:2        Vaults (4/5) D:14
  Crypt (0/3) Vaults:2     Depths (1/4) D:15          Sewer (visited)

Altars:
Ashenzari
Cheibriados
Dithmenos
Elyvilon
Fedhas
Gozag
Hepliaklqana
Kikubaaqudgha
Makhleb
Nemelex Xobeh
Okawaru
Qazlal
Ru
Sif Muna
Trog
Uskayaw
Vehumet
Wu Jian
Xom
Yredelemnul
Zin
The Shining One

Shops:
D:1 =   D:6 (   D:15 ?   Orc:2 ([*:   Elf:1 :==[   Vaults:2 [   Vaults:3 :[=[

Portals:
Hell: Depths:1
Pandemonium: Depths:1

Annotations:
Lair:3 2 transporters, lis82's ghost, journeyman DgAE


Innate Abilities, Weirdness & Mutations

Your dull iron-grey scales are very hard. (AC +15)
You are amphibious.
You cannot fit into any form of body armour.
You are cold-blooded and may be slowed by cold attacks.
[Your body often deteriorates upon taking damage.]
[You are very dopey. (Int -4)]
[You are extremely frail. (-30% HP)]
[Your magical capacity is extremely low. (-30% MP)]
[You frequently scream uncontrollably at your foes.]
[((You are often teleported next to monsters.))]
[Potions cannot restore your health.]
[Your spells are easier to cast, but less powerful.]


Message History

Hit: c) +0 sacred scourge (holy)
Press: ? - help, Dir - move target, f/p - hellwing
Aim: a hellwing (severely wounded, about 35% to evade your +0 sacred scourge of holy wrath)
Your unstable footing causes you to fumble your attack.
The hellwing hits you but does no damage.
You block the hellwing's attack.
Hit: c) +0 sacred scourge (holy)
Press: ? - help, Dir - move target, f/p - hellwing
Aim: a hellwing (severely wounded, about 35% to evade your +0 sacred scourge of holy wrath)
You barely miss the hellwing.
The hellwing is severely wounded.
The necromancer gestures at you while chanting.
The bolt of negative energy hits the wretched star.
The wretched star completely resists.
The bolt of negative energy hits you!
You feel drained.
* * * LOW HITPOINT WARNING * * *
Your body deteriorates!
You feel dopey.
The hellwing hits you but does no damage.
You block the hellwing's attack.
The wretched star glows turbulently.
The lance of force hits you!
* * * LOW HITPOINT WARNING * * *
You are knocked back by the lance of force.
You slam into the metal wall!
* * * LOW HITPOINT WARNING * * *
Casting: Leda's Unmaking (safe; 1% risk of failure)
Confirm with . or Enter, or press ? or * to list all spells.
Aiming: Leda's Unmaking (safe; 1% risk of failure)
Press: ? - help, Shift-Dir - straight line, f/p - hellwing
Aim: a hellwing (severely wounded, 74% to hit)
The entropic shot hits the hellwing!!
The hellwing dissolves into mud!
You kill the hellwing!
Vehumet accepts your kill.
You feel your power returning.
The wretched star glows turbulently.
The lance of force misses you.
There is some mud, summoned here.
The wretched star glows turbulently.
The lance of force hits you!!
You die...

~.~~~...#
.#.
...~~~~~#
... ♣.~~~~~.
... ♣
♣.~~~~. ...
..~~~.~##.#
. #.#.....#
.# #.....###
.# #
#.@#..###.
#..
#...##.###.
# .. #..##
##.# #.# # #
##*#. ##
###..
.........
*....
#.#.##..#.##
## .....#
.###.. #§.
#. §.## ....
...#.#4§
.#§§


You could see a wretched star.

Vanquished Creatures
  Mennas (Vaults:3)
  Saint Roka (Vaults:4)
  A golden dragon (Vaults:1)
  Rupert (Orc:2)
  2 liches
  Frances (D:13)
  Kirke (Swamp:1)
  2 sphinxes
  2 tentacled starspawn (Abyss:2)
  A thorn hunter (Swamp:2)
  Donald (Swamp:2)
  Aizul (Swamp:2)
  2 tengu reavers
  The ghost of Kiciri the Devastator, an adept DrAE of Vehumet (Swamp:1)
  Roxanne (Swamp:1)
  3 fire giants
  Louise (Swamp:1)
  2 frost giants (Vaults:1)
  A deep elf sorcerer (Elf:1)
  9 vault wardens
  A caustic shrike zombie (Depths:1)
  2 orc warlords
  2 spriggan defenders (Depths:1)
  A cacodemon (Abyss:2)
  6 stone giants
  4 ironbound preservers
  2 war gargoyles (Vaults:4)
  A quicksilver ooze (shapeshifter) (Vaults:1)
  6 ironbound thunderhulks
  Nessos (D:12)
  3 eleionomae
  A deep elf demonologist (Vaults:1)
  5 bunyips
  8 dire elephants
  A white draconian (Vaults:1)
  2 spark wasps (Swamp:1)
  A merfolk impaler (Depths:1)
  5 fire dragons
  4 ettins
  5 yaktaur captains
  3 deep elf high priests
  3 ice dragons
  An entropy weaver (Vaults:2)
  Erolcha (D:9)
  Fannar (D:12)
  3 great orbs of eyes
  2 peacekeepers
  A rakshasa (Depths:1)
  12 vault guards
  A catoblepas (Lair:1)
  An ogre mage (Vaults:1)
  23 hydras
  The ghost of lis82 the Zephyrmancer, a journeyman DgHW (D:13)
  10 centaur warriors
  A spriggan air mage (Depths:1)
  10 alligators
  Erica (D:8)
  4 two-headed ogres
  3 boulder beetles
  An ironbound frostheart (Vaults:3)
  2 orc high priests (Orc:2)
  A satyr (shapeshifter) (Elf:1)
  2 vampire magi (Depths:1)
  12 death yaks
  A thrashing horror (Abyss:2)
  2 tengu warriors
  2 deep troll earth magi
  31 dancing weapons
  Urug (Lair:4)
  3 demonic crawlers
  4 deep elf knights
  2 spriggan berserkers (D:15)
  A shadow wraith (Vaults:1)
  2 wretched stars (Abyss:2)
  2 skysharks
  2 sixfirhies (Abyss:2)
  An iron troll (Depths:1)
  A glowing orange brain (shapeshifter) (D:13)
  2 glowing orange brains
  10 deep trolls
  An obsidian statue (D:13)
  2 deep elf archers (Elf:2)
  6 spriggan druids
  4 goliath frogs
  13 ironbound convokers
  2 bog bodies (Swamp:1)
  Pikel (D:9)
  2 spriggan simulacra (Elf:1)
  8 harpies
  An orc knight (D:15)
  3 wizards
  11 lindwurms
  12 swamp dragons
  A necromancer (Depths:1)
  A wolf spider (D:15)
  A phantasmal warrior (Vaults:1)
  14 deep elf pyromancers
  15 deep elf zephyrmancers
  4 manticores
  4 will-o-the-wisps
  8 ugly things
  2 orc sorcerers
  A salamander (shapeshifter) (Elf:2)
  A salamander (D:15)
  A large abomination (Abyss:2)
  2 cyclopes
  A worldbinder (Abyss:3)
  13 elephants
  7 black mambas
  10 vault sentinels
  A guardian serpent (shapeshifter) (D:13)
  2 smoke demons (Abyss:2)
  A moth of wrath (D:15)
  Maurice (D:8)
  Joseph (D:7)
  3 molten gargoyles (Lair:5)
  3 gargoyles
  Jeremiah (D:9)
  Maggie (D:9)
  A torpor snail (Lair:2)
  An orange demon (Abyss:2)
  5 cane toads
  An unseen horror (D:10)
  An eye of devastation (Vaults:1)
  2 rime drakes
  20 yaktaurs
  2 efreet
  A tengu conjurer (D:14)
  5 kobold demonologists
  14 komodo dragons
  An ancient zyme (Abyss:3)
  4 polar bears
  2 trolls
  3 bloated husks (Swamp:3)
  A meliai (D:13)
  6 tyrant leeches
  A hellwing (Abyss:3)
  3 raiju (Abyss:2)
  19 hornets
  2 tarantellas (Spider:1)
  Prince Ribbit (D:5)
  11 slime creatures
  25 blink frogs
  A jumping spider (Vaults:2)
  An ettin skeleton (Depths:1)
  24 spriggans
  7 water elementals
  4 wyverns
  A spriggan (shapeshifter) (D:13)
  2 wraiths
  5 shadows
  52 yaks
  2 vampires (D:13)
  2 air elementals
  A fire elemental (Elf:1)
  7 basilisks
  A hog (shapeshifter) (D:15)
  A dire elephant simulacrum (Elf:1)
  13 vampire mosquitoes
  4 steam dragons
  A chaos spawn (Abyss:2)
  A neqoxec (Abyss:3)
  3 redbacks
  A minotaur simulacrum (Elf:1)
  A human simulacrum (Vaults:1)
  A human zombie (Depths:1)
  18 swamp worms
  6 wargs
  4 acid dragons
  12 water moccasins
  5 hell hounds (Lair:5)
  6 swamp drakes
  37 orc warriors
  3 black bears
  2 ice beasts
  6 sky beasts
  4 ogres
  2 boggarts (Elf:1)
  5 centaurs
  4 lemures (D:9)
  A phantom (D:5)
  9 kobold brigands
  3 earth elementals
  13 bullfrogs
  3 deep troll simulacra (Elf:1)
  A gnoll sergeant (D:9)
  11 scorpions
  9 wights
  9 killer bees
  A lindwurm simulacrum (Elf:1)
  An electric eel (Lair:3)
  6 howler monkeys
  A jelly (D:7)
  5 lava snakes (Lair:5)
  7 small abominations
  A quasit (Abyss:3)
  20 orc priests
  4 hounds
  Crazy Yiuf (D:7)
  4 gnoll boudas
  An iron imp (D:11)
  3 iguanas
  27 orc wizards
  5 hell rats (Lair:4)
  Robin (D:4)
  14 gnolls
  20 adders
  5 shadow imps
  2 white imps
  3 ufetubi
  5 worms
  3 dart slugs
  96 orcs
  4 endoplasms
  9 giant cockroaches
  14 goblins
  12 hobgoblins
  3 jackals (D:4)
  41 kobolds
  3 quokkas (D:4)
  4 ball pythons
  15 bats
  2 frilled lizards (D:2)
  3 rats
  A lurking horror (Abyss:3)
  2 starspawn tentacles (Abyss:2)
1219 creatures vanquished.

Vanquished Creatures (others)
  A deep elf archer (Elf:1)
  2 humans (Swamp:1)
  A vampire mosquito (Swamp:1)
  A crimson imp (Orc:1)
  An orc wizard (D:5)
  An orc (D:4)
  10 foxfires (Swamp:4)
  18 fulminant prisms
  5 spectral weapons
  2 starspawn tentacles (Abyss:2)
42 creatures vanquished.

Grand Total: 1261 creatures vanquished

Notes
Turn   | Place    | Note
-------+----------+-------------------------------------------
     0 | D:1      | Essalna the Draconian Conjurer began the quest for the Orb.
     0 | D:1      | Reached XP level 1. HP: 14/14 MP: 3/3
   220 | D:1      | Reached XP level 2. HP: 22/22 MP: 3/5
   244 | D:1      | Reached skill level 1 in Fighting
   567 | D:2      | Learned a level 2 spell: Searing Ray
  1243 | D:1      | Reached XP level 3. HP: 28/28 MP: 1/6
  1477 | D:1      | Found Tusch's Jewellery Emporium.
  1971 | D:3      | Found a faded altar of an unknown god.
  2001 | D:3      | Reached skill level 2 in Fighting
  2193 | D:3      | Reached XP level 4. HP: 36/36 MP: 6/8
  2849 | D:4      | Noticed Robin
  2898 | D:4      | Found a glowing drain.
  2921 | Sewer    | Entered a sewer
  3073 | Sewer    | Reached XP level 5. HP: 44/44 MP: 3/9
  3248 | Sewer    | Reached skill level 3 in Fighting
  3248 | Sewer    | Reached skill level 5 in Conjurations
  3358 | Sewer    | Noticed Grinder
  3380 | Sewer    | Grinder changed into Grinder the white imp
  3380 | Sewer    | Noticed Grinder
  3388 | Sewer    | Killed Grinder the white imp
  3484 | Sewer    | Reached XP level 6. HP: 52/52 MP: 3/11
  3679 | Sewer    | Found an ancient bone altar of Kikubaaqudgha.
  3873 | D:4      | Reached skill level 4 in Fighting
  4410 | D:4      | Found a burning altar of Makhleb.
  4537 | D:4      | Found a blossoming altar of Fedhas.
  4584 | D:4      | Killed Robin
  4673 | D:4      | Your scales start taking on a dull iron-grey colour.
  4673 | D:4      | Reached XP level 7. HP: 52/60 MP: 1/13
  5230 | D:5      | Entered Level 5 of the Dungeon
  5278 | D:5      | Reached skill level 5 in Fighting
  5337 | D:5      | Noticed Prince Ribbit
  5371 | D:5      | Killed Prince Ribbit
  5380 | D:5      | Reached XP level 8. HP: 35/70 MP: 11/14
  5390 | D:5      | Reached skill level 6 in Fighting
  5573 | D:5      | Found a snail-covered altar of Cheibriados.
  5640 | D:5      | Found a stormy altar of Qazlal.
  6076 | D:6      | Found Raafaovi's Firing Range.
  6536 | D:6      | Found a basalt altar of Yredelemnul.
  6590 | D:6      | Reached skill level 7 in Fighting
  6946 | D:7      | Found a hazy altar of Hepliaklqana.
  6946 | D:7      | Noticed Joseph
  7300 | D:7      | Killed Joseph
  7301 | D:7      | Reached skill level 8 in Fighting
  7301 | D:7      | Reached XP level 9. HP: 13/81 MP: 11/15
  7790 | D:7      | Found a glowing silver altar of Zin.
  7943 | D:7      | Found a staircase to the Ecumenical Temple.
  7950 | Temple   | Entered the Ecumenical Temple
  8082 | D:7      | Paralysed by a centaur for 5 turns
  8094 | D:7      | Paralysed by a centaur for 4 turns
  8099 | D:7      | Reached skill level 9 in Fighting
  8543 | D:7      | Found a runed translucent door.
  8544 | D:7      | Noticed Crazy Yiuf
  8549 | D:7      | Killed Crazy Yiuf
  8757 | D:8      | Noticed Maurice
  8766 | D:8      | Killed Maurice
  8767 | D:8      | Reached skill level 10 in Fighting
  8767 | D:8      | Reached skill level 10 in Conjurations
  9048 | D:8      | Reached XP level 10. HP: 38/94 MP: 5/16
  9578 | D:8      | Paralysed by a hornet for 3 turns
  9810 | D:8      | Found a bloodstained altar of Trog.
  9858 | D:8      | Noticed Erica
  9868 | D:8      | Reached skill level 11 in Fighting
  9886 | D:8      | Killed Erica
 10312 | D:8      | Found a white marble altar of Elyvilon.
 10312 | D:8      | Found a sparkling altar of Nemelex Xobeh.
 10314 | D:8      | Found a radiant altar of Vehumet.
 10325 | D:8      | Became a worshipper of Vehumet
 10815 | D:9      | Noticed Erolcha
 10834 | D:9      | Killed Erolcha
 10971 | D:9      | Noticed Maggie
 10991 | D:9      | Killed Maggie
 10992 | D:9      | Reached skill level 12 in Fighting
 11116 | D:9      | Noticed Pikel
 11128 | D:9      | Killed Pikel
 11223 | D:9      | Found a staircase to the Lair.
 11235 | D:9      | Noticed a two-headed ogre
 11241 | D:9      | Killed a two-headed ogre
 11242 | D:9      | Reached XP level 11. HP: 105/105 MP: 17/17
 11483 | D:9      | Noticed Jeremiah
 11523 | D:9      | Killed Jeremiah
 11779 | D:9      | Learned a level 4 spell: Fulminant Prism
 12130 | D:9      | Reached * piety under Vehumet
 12130 | D:9      | Offered knowledge of Kiss of Death by Vehumet.
 12421 | D:9      | Learned a level 7 spell: Orb of Destruction
 12536 | D:10     | Entered Level 10 of the Dungeon
 12567 | D:10     | Identified the +5 falchion "Wogri" {drain, rF+ rC+ rCorr
                  | Int+4}
 12634 | D:10     | Reached skill level 13 in Fighting
 12728 | D:10     | Offered knowledge of Sandblast by Vehumet.
 12789 | D:10     | Reached ** piety under Vehumet
 13088 | D:10     | Found a glowing golden altar of the Shining One.
 13631 | D:12     | Noticed Fannar
 13631 | D:12     | Noticed Nessos
 13631 | D:12     | Noticed a two-headed ogre
 14235 | D:11     | Found a staircase to the Orcish Mines.
 14240 | Orc:1    | Entered Level 1 of the Orcish Mines
 14840 | D:11     | Killed a two-headed ogre
 14841 | D:11     | Reached skill level 14 in Fighting
 14989 | D:12     | Noticed a two-headed ogre
 15002 | D:12     | Killed a two-headed ogre
 15002 | D:12     | Offered knowledge of Volatile Blastmotes by Vehumet.
 15203 | Lair:1   | Entered Level 1 of the Lair of Beasts
 15203 | Lair:1   | Noticed a death yak
 15205 | Lair:1   | Noticed a death yak
 15207 | Lair:1   | Noticed a death yak
 15207 | Lair:1   | Noticed a death yak
 15209 | Lair:1   | Noticed a death yak
 15210 | Lair:1   | Noticed a death yak
 15241 | D:9      | Killed a death yak
 15242 | D:9      | Reached XP level 12. HP: 46/118 MP: 8/18
 15502 | D:10     | Killed a death yak
 15788 | D:9      | Killed a death yak
 15909 | D:9      | Killed a death yak
 16020 | D:9      | Killed a death yak
 16316 | D:9      | Killed a death yak
 16317 | D:9      | Reached skill level 15 in Fighting
 16601 | D:9      | Identified a scroll of acquirement
 16601 | D:9      | Acquired the +1 pair of boots of Resourcefulness {rPois
                  | rF++ Int+3 Dex-3}
 16947 | Lair:1   | Reached *** piety under Vehumet
 17037 | Lair:1   | Noticed a catoblepas
 17089 | Lair:1   | Killed a catoblepas
 17448 | Lair:1   | Identified the +7 great mace "Uvacw" {flame, rC+}
 18221 | Lair:2   | Noticed a boulder beetle
 18221 | Lair:2   | Found a hide-covered altar of Uskayaw.
 18221 | Lair:2   | Found an ornate altar of the Wu Jian Council.
 18240 | Lair:2   | Killed a boulder beetle
 18368 | Lair:1   | Reached skill level 15 in Conjurations
 18736 | Lair:2   | Noticed a four-headed hydra
 18746 | Lair:2   | Killed a four-headed hydra
 18747 | Lair:2   | Reached skill level 16 in Fighting
 18886 | Lair:2   | Offered knowledge of Sticky Flame by Vehumet.
 18893 | Lair:2   | Learned a level 5 spell: Fireball
 19174 | Lair:2   | Noticed an eleionoma
 19180 | Lair:2   | Killed an eleionoma
 19402 | Lair:2   | Reached XP level 13. HP: 119/130 MP: 4/19
 19823 | Lair:2   | Found a staircase to the Swamp.
 20630 | Lair:3   | Noticed lis82's ghost (journeyman DgAE)
 20639 | Lair:3   | Found a transporter.
 20643 | Lair:3   | Found a transporter.
 20649 | Lair:3   | Found a bloodstained altar of Trog.
 21297 | Lair:3   | Found a hole to the Spider Nest.
 22153 | Lair:4   | Reached skill level 17 in Fighting
 22153 | Lair:4   | Noticed Urug
 22268 | Spider:1 | Entered Level 1 of the Spider Nest
 22798 | Lair:4   | Reached **** piety under Vehumet
 22824 | Lair:4   | Offered knowledge of Hailstorm by Vehumet.
 23306 | Lair:4   | Killed Urug
 23923 | Lair:4   | You fall into a shaft and drop 1 floor!
 23923 | Lair:5   | Entered Level 5 of the Lair of Beasts
 24530 | Lair:5   | Reached skill level 18 in Fighting
 24693 | Lair:5   | Upgraded the game from 0.31-a0-640-g39d97e502b to
                  | 0.31-a0-647-g38d6a14cb1
 25210 | Lair:5   | Reached ***** piety under Vehumet
 25323 | Lair:5   | Reached XP level 14. HP: 143/143 MP: 10/20
 25806 | Lair:5   | Offered knowledge of Leda's Unmaking by Vehumet.
 26387 | Lair:5   | Found a large runed translucent door.
 26965 | Lair:5   | Found a staircase to the Slime Pits.
 27263 | Lair:5   | Reached skill level 5 in Dodging
 27901 | Lair:5   | Reached skill level 5 in Spellcasting
 28157 | Lair:5   | Found a large runed translucent door.
 28767 | Swamp:1  | Entered Level 1 of the Swamp
 29547 | Swamp:1  | Found a runed translucent door.
 29561 | Swamp:1  | Noticed Kiciri's ghost (adept DrAE)
 29852 | Swamp:1  | Noticed Louise
 30210 | Swamp:2  | Noticed Donald
 30898 | D:11     | Learned a level 6 spell: Leda's Unmaking
 31600 | Orc:2    | Entered Level 2 of the Orcish Mines
 31824 | Orc:2    | Found a staircase to the Elven Halls.
 32076 | Orc:2    | Reached skill level 19 in Fighting
 32076 | Orc:2    | Reached skill level 1 in Earth Magic
 32456 | Orc:2    | Noticed Rupert
 33806 | Orc:2    | Found Negodghech's Book Boutique.
 34117 | Orc:2    | Offered knowledge of Ozocubu's Refrigeration by Vehumet.
 34328 | Orc:2    | Found Caoprun's Assorted Antiques.
 34333 | Orc:2    | Bought a thick jasper amulet for 150 gold pieces
 34925 | Orc:2    | Noticed an orc warlord
 35613 | Orc:2    | Found Qoheetiok's Antique Weapon Shop.
 35671 | Orc:2    | Found Bulupn's Antique Armour Boutique.
 35809 | Orc:2    | Killed Rupert
 35810 | Orc:2    | Reached XP level 15. HP: 152/152 MP: 2/24
 36474 | Elf:1    | Entered Level 1 of the Elven Halls
 37208 | Elf:1    | Found an ancient bone altar of Kikubaaqudgha.
 37255 | Elf:1    | Found Sanalat's Antique Armour Emporium.
 37356 | Elf:1    | Paralysed by an air elemental for 1 turns
 37368 | Elf:1    | Paralysed by an air elemental for 1 turns
 37373 | Elf:1    | Paralysed by an air elemental for 1 turns
 37417 | Elf:1    | Noticed a fenstrider witch
 37418 | Elf:1    | a fenstrider witch changed into a formless jellyfish
 37847 | Elf:1    | Offered knowledge of Starburst by Vehumet.
 38215 | Elf:1    | Reached skill level 5 in Earth Magic
 38434 | Elf:1    | Noticed a deep elf sorcerer
 38436 | Elf:1    | Killed a deep elf sorcerer
 38803 | Elf:1    | Found Zicwi's Book Shoppe.
 38804 | Elf:1    | Found Ohuhah's Jewellery Shop.
 38804 | Elf:1    | Found Teleehetui's Jewellery Shop.
 38815 | Elf:1    | Bought an amulet of magic regeneration for 390 gold pieces
 38819 | Elf:1    | Bought a ring of magical power for 240 gold pieces
 38948 | Elf:2    | Identified the ring "Pearevy" {+Blink rC+++ AC+4 Str-5
                  | Slay-5}
 39431 | Elf:2    | Found a huge runed translucent gate.
 39431 | Elf:2    | Found a huge runed translucent gate.
 39436 | Elf:2    | Found a huge runed translucent gate.
 39437 | Elf:2    | Found a huge runed translucent gate.
 39438 | Elf:2    | Found a huge runed translucent gate.
 39842 | Elf:2    | Reached skill level 20 in Fighting
 40166 | Elf:2    | Reached XP level 16. HP: 71/163 MP: 16/29
 40706 | Elf:3    | Entered Level 3 of the Elven Halls
 40861 | D:12     | Killed Fannar
 40983 | D:12     | Killed Nessos
 41109 | D:12     | Identified the +9 great mace of the Antique God {heavy,
                  | Int+4 Stlth+}
 41357 | D:13     | Reached skill level 1 in Shields
 41566 | D:13     | Noticed Frances
 41581 | D:13     | Killed Frances
 41767 | D:13     | You fall into a shaft and drop 2 floors!
 41767 | D:15     | Entered Level 15 of the Dungeon
 42003 | D:13     | Found a transporter.
 42039 | D:13     | Found a transporter.
 42161 | D:13     | Noticed lis82's ghost (journeyman DgHW)
 42314 | D:14     | Identified the +0 robe of Feasting {rN+ Will++ rCorr}
 42489 | D:14     | Found a gate to the Vaults.
 42883 | D:15     | Found Wutiuboe's Magic Scroll Shop.
 42885 | D:15     | Bought 2 scrolls of butterflies for 104 gold pieces
 43020 | D:15     | Identified the +1 pair of boots "Nuhu" {SInv}
 43102 | D:15     | Found a staircase to the Depths.
 43725 | D:15     | Acquired 975 gold pieces
 43908 | Swamp:1  | Killed Louise
 43909 | Swamp:1  | Reached skill level 10 in Earth Magic
 44140 | Swamp:1  | Noticed Kirke
 44143 | Swamp:1  | Killed Kirke
 44144 | Swamp:1  | Reached skill level 10 in Spellcasting
 44275 | Swamp:1  | Noticed Roxanne
 44280 | Swamp:1  | Killed Roxanne
 44288 | Swamp:1  | Offered knowledge of Lee's Rapid Deconstruction by Vehumet.
 44297 | Swamp:1  | Learned a level 5 spell: Lee's Rapid Deconstruction
 44565 | Swamp:1  | Identified the +7 trident of Noon {flame, Dex+4}
 44658 | Swamp:2  | Noticed a thorn hunter
 44662 | Swamp:2  | Killed a thorn hunter
 44663 | Swamp:2  | Reached skill level 21 in Fighting
 44768 | Swamp:2  | Killed Donald
 45274 | Swamp:3  | Noticed Aizul
 45285 | Swamp:2  | Killed Aizul
 45460 | Swamp:3  | Reached XP level 17. HP: 173/173 MP: 31/31
 45554 | Swamp:3  | Reached skill level 5 in Shields
 46017 | Swamp:4  | Entered Level 4 of the Swamp
 46877 | Swamp:4  | Reached ****** piety under Vehumet
 46970 | Swamp:4  | Offered knowledge of Yara's Violent Unravelling by Vehumet.
 46993 | Swamp:4  | Got a decaying rune of Zot
 47347 | Swamp:1  | Killed Kiciri's ghost
 47619 | D:13     | Killed lis82's ghost
 47747 | D:13     | Identified the +1 quarterstaff of Defence {vamp, rElec
                  | rPois Stlth-}
 47762 | D:13     | Reached XP level 18. HP: 182/182 MP: 33/33
 47887 | Depths:1 | Entered Level 1 of the Depths
 48525 | Depths:1 | Found a sacrificial altar of Ru.
 48930 | Depths:1 | Noticed a lich
 48934 | Depths:1 | Killed a lich
 49082 | Depths:1 | Found a one-way gate leading to the halls of Pandemonium.
 49744 | Depths:1 | Found a gateway to Hell.
 50051 | Vaults:1 | Entered Level 1 of the Vaults
 50266 | Vaults:1 | Reached XP level 19. HP: 189/189 MP: 27/35
 50373 | Vaults:1 | Offered knowledge of Plasma Beam by Vehumet.
 51297 | Vaults:1 | Reached skill level 15 in Earth Magic
 51324 | Vaults:1 | Reached skill level 10 in Dodging
 52415 | Vaults:1 | Noticed a golden dragon
 52467 | Vaults:1 | Killed a golden dragon
 52670 | Vaults:1 | Found the +8 arc blade {discharge, rElec}
 53380 | Vaults:2 | You fall into a shaft and drop 2 floors!
 53437 | Vaults:4 | Offered knowledge of Lehudib's Crystal Spear by Vehumet.
 53447 | Vaults:4 | Learned a level 8 spell: Lehudib's Crystal Spear
 53547 | Vaults:3 | Found Mohymoul's Antique Armour Boutique.
 53561 | Vaults:3 | Bought an embroidered cloak for 202 gold pieces
 53580 | Vaults:3 | Bought a pair of embroidered gloves for 202 gold pieces
 53836 | Vaults:3 | Reached skill level 10 in Shields
 53913 | Vaults:3 | Found Odgh's Jewellery Shoppe.
 54006 | Vaults:3 | Bought the ring of Bymic {Will++ Str+3 Int+6 Slay+5} for
                  | 1770 gold pieces
 54045 | Vaults:3 | Noticed Mennas
 54511 | Vaults:2 | Found a staircase to the Crypt.
 54511 | Vaults:2 | Found a basalt altar of Yredelemnul.
 54511 | Vaults:2 | Found an ancient bone altar of Kikubaaqudgha.
 54846 | Vaults:2 | Found Epteusao's Antique Armour Boutique.
 55063 | Vaults:3 | Reached XP level 20. HP: 150/198 MP: 32/37
 55686 | Vaults:3 | Found Zurph's Antique Armour Boutique.
 56043 | Vaults:3 | Found Nuqabb's Book Boutique.
 56566 | Vaults:3 | Killed Mennas
 57030 | Vaults:4 | Noticed Saint Roka
 57053 | Vaults:4 | Killed Saint Roka
 57284 | Abyss:2  | Cast into level 2 of the Abyss (a wizard)
 57568 | Abyss:2  | Found a basalt altar of Yredelemnul.
 57622 | Abyss:2  | Noticed a bone dragon
 57659 | Abyss:2  | Paralysed by accursed screaming for 2 turns
 57839 | Abyss:2  | Found a corrupted altar of Lugonu.
 57842 | Abyss:2  | Found a corrupted altar of Lugonu.
 58351 | Abyss:3  | Identified the +6 tower shield "Vino" {Contam Drain rN++
                  | Will+}
 58419 | Abyss:3  | Reached skill level 22 in Fighting
 58496 | Abyss:3  | Killed from afar by a wretched star

Illustrated notes

Levels and vault maps discovered:
D:1:      minmay_arrival_four_houses, layout_rooms, serial_shops, shop_statue,
          minmay_box_of_dots
D:2:      layout_basic
D:3:      layout_rooms, hellmonk_ecumenical_altar_crossroads,
          chequers_serial_rivers_large_a, grunt_decor_arrowhead
D:4:      layout_gridville, old_standard_altar, mainiacjoe_overflow_chevrons,
          serial_co_window_serial, co_window_corner_a, co_window_corner_a,
          co_window_paths_a, co_window_paths_b, co_window_of_opportunity_a,
          co_window_cross_3, co_window_corner_b, co_window_broadway_a,
          glass_columns_a, glass_columns_a, glass_columns_b,
          portal_sewer_entry_f, item_on_display_a, uniq_robin
D:5:      layout_loops_cross, nicolae_qazlal_beasts_of_the_sky,
          overflow_temple_1_default, uniq_prince_ribbit1
D:6:      layout_rooms, general_overflow_altar, nicolae_shop_firing_range
D:7:      layout_basic, nicolae_hepliaklqana_hazy_memory,
          mainiacjoe_overflow_alcove_1, minmay_temple_entry_tees,
          minmay_manual_monolith, uniq_joseph, uniq_crazy_yiuf_cottage
D:8:      layout_layer_cave, kennysheep_little_box,
          chequers_temple_overflow_statue_of_worship, hangedman_misty_isle,
          uniq_maurice, uniq_erica
D:9:      old_forge, layout_basic, lair_entry_dummy, uniq_maggie, uniq_jeremiah,
          uniq_erolcha, uniq_pikel
D:10:     layout_roguey, lemuel_crystal_altar
D:11:     layout_cave_pools, orc_0_dummy
D:12:     layout_basic, uniq_nessos, uniq_fannar
D:13:     layout_loops_ring, nzn_ghost_randoct, uniq_frances
D:14:     layout_loops_ring, erik_vaults_1, glass_columns_a,
          ebering_dispersal_statue_hall
D:15:     hangedman_depths_entry_try_elsewhere_first, layout_basic,
          serial_glass, glass_columns_a, glass_columns_c, glass_columns_a,
          glass_columns_b, glass_columns_c, glass_columns_b, feat_on_display,
          serial_shops, shop, serial_park_square3 [serial_park_minivault_5x5_6],
          worms_lemuel
Temple:   cyrus_temple_forest
Lair:1:   layout_small_grid, grunt_megastairs_4, lemuel_fruit_fields
Lair:2:   layout_gridlike, alex1729_swamp_entry_worm_eleionoma,
          nzn_masters_of_martial_movement, grunt_megastairs_1
Lair:3:   minmay_lair_venomous_thicket, layout_cave_pods,
          spider_nest_entry_web_field, gammafunk_ghost_wrathful_warriors,
          serial_bayou_shore_a
Lair:4:   layout_loops_ring, dreamdust_gnoll_shepherd,
          infiniplex_staircase_pool_2, grunt_megastairs_5, uniq_urug
Lair:5:   cheibrodos_lair_end_hotspot, layout_cave_shapes, slime_entry_1,
          minivault_23
Swamp:1:  layout_falls_marsh, ebering_ghost_funeral_grove,
          wheals_swamp_sinkhole, swamp_pool4, nicolae_swamp_catching_bugs,
          uniq_louise, uniq_kirke, uniq_roxanne
Swamp:2:  layout_basic_swamp, evilmike_swamp_ruin_house_2, swamp_pool4,
          uniq_donald
Swamp:3:  layout_falls_marsh, evilmike_swamp_ruin_house_4, swamp_pool2,
          nicolae_swamp_triple_paths, uniq_aizul
Swamp:4:  swamp, layout_basic_swamp
Spider:1: layout_spider_delve, hangedman_spider_trapstep
Orc:1:    layout_caves, hangedman_minor_magic
Orc:2:    grunt_orc_community_town_hall, layout_diamond_mine,
          grunt_orc_community_big_house_2, grunt_orc_community_big_house_2,
          grunt_orc_community_house_3, grunt_orc_community_house_1,
          grunt_orc_community_house_3, grunt_orc_community_house_1,
          grunt_orc_community_house_3, grunt_orc_community_house_1, uniq_rupert
Elf:1:    nicolae_elf_arrival_fired_up, layout_loops_cross, basic_altar,
          serial_shops, nicolae_shop_peninsula,
          portal_ice_cave_entry_ice_simulacra, hangedman_elf_disciples,
          nrook_mini_backslash, minmay_shop_grove
Elf:2:    elven_hall_of_blades_hangedman_alternative [mumra_blade_entry_dagger],
          layout_loops_cross, st_stairs_14
Elf:3:    minmay_elf_hall_dome, layout_geoelf_diagonals, serial_shops,
          nicolae_shop_trees
Vaults:1: nicolae_vaults_stepped_doors, st_greater_box_3, vaults_room_fours,
          grunt_vaults_hallway_short, hangedman_vaults_unwind,
          nicolae_vaults_circle_grid_a, vaults_mumra_chevron, serial_ice_g,
          vaults_room_pool, dpeg_vaults_monster_row, layout_vaults_omnicross
Vaults:2: v_alt_pattern_6, v_misc_18, dpeg_vaults_monster_box, v_misc_28,
          minmay_crypt_entry_necro_gods, nicolae_vaults_six-pack,
          ontoclasm_vaults_chip, vaults_dpeg_ring, layout_vaults_big_room,
          serial_shops, nicolae_shop_competitors_out_of_business
Vaults:3: nicolae_vaults_closet_pinwheel_4, v_misc_18,
          nicolae_vaults_network_quincunx
          [nicolae_vaults_network_quincunx_subvault,
          nicolae_vaults_network_quincunx_subvault,
          nicolae_vaults_network_quincunx_subvault,
          nicolae_vaults_network_quincunx_subvault,
          nicolae_vaults_network_quincunx_subvault], v_misc_5,
          nicolae_vaults_tetromino_T_1, grunt_vaults_hallway_long, st_lattice,
          nicolae_vaults_back_hallway, v_misc_5, nicolae_vaults_border_crossing,
          ontoclasm_vaults_loading_screen, nicolae_vaults_trapezoid_lopsided_1,
          nicolae_vaults_rhombus_7, layout_vaults_omnibox, serial_shops,
          nicolae_shop_waterfront, shop, shop, shop, uniq_mennas
Vaults:4: vaults_room_boxed, nicolae_vaults_ring_of_whatevers,
          vaults_room_large_hall, nicolae_vaults_storage_closets_1,
          ontoclasm_vaults_chip, nicolae_vaults_network_star,
          layout_vaults_omnigrid, uniq_saint_roka
Depths:1: nicolae_moon_pools, layout_gridville, grunt_pan_entry_spiral,
          hangedman_decor_riveting, hangedman_geh_valley,
          nicolae_ru_sacrificial_ziggurat
Abyss:3:  base: Swamp:4, minivault_23

Skill      XL: |  1  2  3  4  5  6  7  8  9 10 11 12 13 14 15 16 17 18 19 20 |
---------------+-------------------------------------------------------------+-----
Fighting       | 1 2 3 4 5 8 10 12 14 16 18 19 20 21 22 | 22.0
Spellcasting   | 3 4 6 9 10 11 12 13 14 | 14.0
Conjurations   | 5 6 8 10 12 13 15 17 18 | 18.0
Dodging        | 2 3 4 6 7 8 9 11 | 11.2
Earth Magic    | 2 8 11 13 14 16 17 | 17.1
Shields        | 4 6 8 10 11 | 11.3
Stealth        | |  1.7

Action                     |  1- 3 |  4- 6 |  7- 9 | 10-12 | 13-15 | 16-18 | 19-21 || total
---------------------------+-------+-------+-------+-------+-------+-------+-------++-------
  Melee: Unarmed           |     3 |       |       |       |       |       |       ||     3
         Short sword       |     4 |       |       |       |       |       |       ||     4
         Dagger            |    12 |    42 |    90 |   119 |    26 |       |       ||   289
         Tailslap          |     1 |     6 |    17 |    33 |   105 |     3 |    22 ||   187
         Quarterstaff      |       |       |    25 |    22 |   434 |       |       ||   481
         Staff             |       |       |       |    69 |    20 |    12 |    28 ||   129
         Sacred scourge    |       |       |       |       |       |       |    73 ||    73
  Throw: Dart              |       |       |       |    11 |     3 |       |       ||    14
   Cast: Magic Dart        |    80 |   145 |   117 |   169 |     5 |       |       ||   516
         Searing Ray       |       |     6 |    28 |   139 |    15 |     3 |     3 ||   194
         Fulminant Prism   |       |       |       |    18 |       |       |       ||    18
         Fireball          |       |       |       |     8 |   216 |    10 |    13 ||   247
         Orb of Destructio |       |       |       |     5 |   166 |   134 |    86 ||   391
         Leda's Unmaking   |       |       |       |       |   103 |   292 |   286 ||   681
         Lee's Rapid Decon |       |       |       |       |       |     4 |    27 ||    31
         Lehudib's Crystal |       |       |       |       |       |       |     6 ||     6
  Evoke: Wand              |       |     1 |       |       |       |       |     5 ||     6
         Phial of floods   |       |       |       |       |       |       |     1 ||     1
    Use: Scroll            |       |    10 |     2 |    11 |    16 |     4 |     9 ||    52
         Potion            |       |       |     5 |     3 |     4 |     4 |    17 ||    33
   Stab: Distracted        |       |       |     1 |     1 |     3 |       |       ||     5
         Sleeping          |       |       |     1 |       |       |       |       ||     1
 Armour: Skin              |     4 |    17 |    67 |   158 |   252 |    73 |   183 ||   754
  Dodge: Dodged            |    13 |    37 |    92 |   538 |   614 |   128 |   454 ||  1876
  Block: Buckler           |       |       |       |       |       |    35 |   147 ||   182

Table legend: (Time is in decaauts)
 A = Elapsed time spent in this place.
 B = Non-inter-level travel time spent in this place.
 C = Inter-level travel time spent in this place.
 D = Time resting spent in this place.
 E = Time spent auto-exploring this place.
 F = Levels seen in this place.
 G = Mean time per level.
                   A        B        C        D        E       F      G
               +--------+--------+--------+--------+--------+-----+--------+
         Total |  58831 |  55717 |   3114 |   6392 |  38816 |  39 | 1508.5 |
       Dungeon |  20094 |  18920 |   1174 |   1601 |  14291 |  15 | 1339.6 |
        Temple |     56 |     56 |      0 |      0 |      0 |   1 |   56.0 |
          Lair |  12440 |  11712 |    728 |   1779 |   7794 |   5 | 2488.0 |
         Swamp |   5111 |   4865 |    246 |    775 |   3143 |   4 | 1277.8 |
   Spider Nest |     31 |     31 |      0 |     20 |      0 |   1 |   31.0 |
  Orcish Mines |   6159 |   5676 |    483 |   1762 |   3075 |   2 | 3079.5 |
   Elven Halls |   3995 |   3767 |    228 |     49 |   2954 |   3 | 1331.7 |
        Vaults |   7231 |   7015 |    216 |    406 |   5489 |   4 | 1807.8 |
        Depths |   1602 |   1566 |     36 |      0 |   1272 |   1 | 1602.0 |
         Abyss |   1232 |   1232 |      0 |      0 |    102 |   2 |  616.0 |
         Sewer |    876 |    876 |      0 |      0 |    695 |   1 |  876.0 |
               +--------+--------+--------+--------+--------+-----+--------+

Top non-repeatable levels by time:
  Lair:5: 3864 daAuts
   Orc:2: 3693 daAuts
     D:9: 2953 daAuts
Vaults:1: 2772 daAuts
  Lair:1: 2677 daAuts
 Swamp:1: 2469 daAuts
   Orc:1: 2466 daAuts
  Lair:3: 2232 daAuts
   Elf:1: 2180 daAuts
     D:8: 2164 daAuts
  Lair:4: 2061 daAuts
Vaults:2: 2036 daAuts
Vaults:3: 2007 daAuts
   Elf:2: 1812 daAuts
     D:7: 1650 daAuts
